 Dungeon Crawl Stone Soup version 0.31-a0-986-g5e6e4ef867 (webtiles) character file.

Game seed: 13074810155321723986

399 Drazool the Magician (level 7, 49/49 HPs)
             Began as a Djinni Fire Elementalist on July 6, 2023.
             Quit the game in the Ecumenical Temple on Nov 20, 2023.
             The game lasted 00:09:01 (3554 turns).

Drazool the Magician (Djinni Fire Elementalist)     Turns: 3554, Time: 00:09:01

Health: 49/49      AC:  4    Str:  7    XL:     7   Next: 10%
Gold:   180        EV: 12    Int: 19    God:
                   SH:  0    Dex: 13

rFire   + + .        o - +1 whip (flame)
rCold   x . .        (no shield)
rNeg    + . .        a - +0 robe
rPois   ∞            l - +0 helmet
rElec   .            c - +0 cloak
rCorr   .            (no gloves)
SInv    .            (boots unavailable)
Will    .....        g - amulet of the acrobat
Stlth   ++           N - ring of positive energy
HPRegen 0.28/turn    (no ring)
MPRegen 0.00/turn

%: acrobat
@: flying
A: sickness immunity, fire resistance 2, cold vulnerability 1, float, innate
caster, HP casting, extra vitality 1
a: no special abilities


You were in the Ecumenical Temple.
You visited 2 branches of the dungeon, and saw 6 of its levels.

You collected 180 gold pieces.


Innate Abilities, Weirdness & Mutations

You are immune to sickness and miasma.
You are immune to poison.
Your flesh is very heat resistant. (rF++)
You are vulnerable to cold. (rC-)
You float through the air rather than walking.
You learn spells naturally, not from books.
Your magical power is your life essence.
You have superior vitality. (+4 MHP)


   Skills:
 + Level 2.6 Fighting
 - Level 2.1 Dodging
 - Level 1.5 Stealth
 * Level 4.8 Spellcasting
 * Level 4.8 Conjurations
 * Level 4.8 Hexes
 * Level 4.8 Summonings
 * Level 4.8 Necromancy
 * Level 4.8 Translocations
 * Level 4.8 Transmutations
 * Level 4.8 Fire Magic
 * Level 4.8 Ice Magic
 * Level 4.8 Air Magic
 * Level 4.8 Earth Magic
 * Level 4.8 Poison Magic
 * Level 2.9 Shapeshifting


You knew the following spells:

 Your Spells              Type           Power      Damage    Failure   Level
a - Passwall              Tmut/Erth      18%        N/A       2%          2
f - Foxfire               Conj/Fire      88%        2x1d8     1%          1
l - Lesser Beckoning      Tloc           44%        N/A       2%          2
r - Inner Flame           Hex/Fire       22%        N/A       5%          3
s - Slow                  Hex            88%        N/A       1%          1
X - Scorch                Fire           44%        2d6       2%          2
Y - Volatile Blastmotes   Fire/Tloc      44%        2d13      5%          3
Z - Flame Wave            Conj/Fire      22%        2d8       17%         4
Your spell library was empty.

Inventory:

Hand Weapons
 o - a +1 whip of flaming (weapon)
Armour
 a - a +0 robe (worn)
 c - a +0 cloak (worn)
 l - a +0 helmet (worn)
 s - a +0 pair of gloves
Jewellery
 g - an amulet of the acrobat (around neck)
 N - a ring of positive energy (left hand)
Wands
 j - a wand of light (3)
 q - a wand of polymorph (9)
Scrolls
 d - a scroll of amnesia
 e - a scroll of enchant weapon
 k - a scroll of silence {!r}
Potions
 f - 2 potions of enlightenment {unknown}
 m - a potion of might {unknown}
 n - a potion of attraction {unknown}
 p - 2 potions of brilliance {unknown}

Dungeon Overview and Level Annotations

Branches:
Dungeon (5/15)             Temple (1/1) D:5

Altars:
Ashenzari
Cheibriados
Dithmenos
Elyvilon
Fedhas
Gozag
Hepliaklqana
Makhleb
Nemelex Xobeh
Okawaru
Qazlal
Ru
Trog
Uskayaw
Wu Jian
Xom
Zin
The Shining One

Annotations:
D:3 2 transporters, Leavold's ghost, weakling FeSh

░░.░░ ░░.░░
░░...░░░...░░░░
░..⚑.....⚑..+.░░
░░...░░░...░░..░░
░░.░░ ░░.░░░░..░
░.░ ░░░ ░░+░ ░
░░.░░ ░░.░░
░░░...░░ ░░...░░
....⚑..░ ░..@..░
░░░...░░ ░░...░░
░ ░░.░░ ░░.░░ ░░░
░░░ ░.░ ░ ░░.░░
░░.░░ ░░
░░...░░░...░░ .░
░..⚑.....⚑..░ ░░
░░...░░░...░░ ░
░░.░░ ░░.░░


There were no monsters in sight!


Message History

The white imp is burned terribly!
You kill the white imp!
Unknown command.
Your foxfire dissipates! x2
You hear the slow hiss of a very distant avalanche of sand.
You hear the slow rusting of a very distant drain.
HP restored.
Found a scroll labelled XAPTER CAIKH.
Unknown command.
There is a stone staircase leading up here.
As you read the scroll labelled MUSKIA JUICO, it crumbles to dust.
You assume a fearsome visage.
Nothing appears to happen.
It was a scroll of fear.
As you read the scroll labelled QIDAIHELAH, it crumbles to dust.
You hear a loud clanging noise!
It was a scroll of noise.
You hear a shout! x5; You hear an angry hiss. x2
As you read the scroll labelled SYGISHR ARAINI, it crumbles to dust.
Wisps of shadow whirl around you...
It was a scroll of summoning.
As you read the scroll labelled VAWIGEUDGHI, it crumbles to dust.
You feel strangely unstable.
It was a scroll of teleportation.
Your surroundings suddenly seem different.
Found a mace.
Found a staircase to the Ecumenical Temple.
Found a ring mail.
There is a staircase to the Ecumenical Temple here.
You fly downwards.
Welcome to the Ecumenical Temple!
Found a burning altar of Makhleb.
Found a staircase back to the Dungeon.
There is a staircase back to the Dungeon here.
Are you sure you want to abandon this character and quit the game? (Confirm with "yes".)

Skill      XL: |  1  2  3  4  5  6 |
---------------+-------------------+-----
Spellcasting   | 4 |  4.8
Conjurations   | 4 |  4.8
Hexes          | 4 |  4.8
Summonings     | 4 |  4.8
Necromancy     | 4 |  4.8
Translocations | 4 |  4.8
Transmutations | 4 |  4.8
Fire Magic     | 4 |  4.8
Ice Magic      | 4 |  4.8
Air Magic      | 4 |  4.8
Earth Magic    | 4 |  4.8
Poison Magic   | 4 |  4.8
Fighting       | 1 2 |  2.6
Shapeshifting  | 1 2 |  2.9
Dodging        | |  2.1
Stealth        | |  1.5

Action                     |  1- 3 |  4- 6 |  7- 9 || total
---------------------------+-------+-------+-------++-------
   Cast: Foxfire           |    57 |   107 |     4 ||   168
         Scorch            |     2 |    22 |       ||    24
    Use: Scroll            |       |     3 |     4 ||     7
 Armour: Robe              |       |     6 |     1 ||     7
  Dodge: Dodged            |     3 |     9 |       ||    12

Levels and vault maps discovered:
D:1:      minmay_arrival_diagonal_passages, layout_basic,
          hellmonk_ecumenical_altar_watching_god
D:2:      layout_basic, basic_altar, minmay_misc_feat_ornament, st_stairs_13
D:3:      layout_loops_ring, gammafunk_ghost_smash
D:4:      layout_basic
D:5:      layout_basic, temple_pool_b, enter_ossuary_2, gup_sewer_entry_bubbles
Temple:   minmay_crystal_snake_temple

Notes
Turn   | Place    | Note
-------+----------+-------------------------------------------
     0 | D:1      | Reached skill level 3 in Spellcasting
     0 | D:1      | Reached skill level 3 in Conjurations
     0 | D:1      | Reached skill level 3 in Hexes
     0 | D:1      | Reached skill level 3 in Summonings
     0 | D:1      | Reached skill level 3 in Necromancy
     0 | D:1      | Reached skill level 3 in Translocations
     0 | D:1      | Reached skill level 3 in Transmutations
     0 | D:1      | Reached skill level 3 in Fire Magic
     0 | D:1      | Reached skill level 3 in Ice Magic
     0 | D:1      | Reached skill level 3 in Air Magic
     0 | D:1      | Reached skill level 3 in Earth Magic
     0 | D:1      | Reached skill level 3 in Poison Magic
     0 | D:1      | Drazool the Djinni Fire Elementalist began the quest for
                  | the Orb.
     0 | D:1      | Drazool set off with the following spells memorised:
                  | Foxfire, Scorch, Volatile Blastmotes, Inner Flame, Flame
                  | Wave.
     0 | D:1      | Reached XP level 1. HP: 15/15 MP: 0/0
   128 | D:1      | Reached XP level 2. HP: 18/21 MP: 0/0
   524 | D:1      | Reached XP level 3. HP: 24/25 MP: 0/0
   524 | D:1      | Learned a level 1 spell: Slow
   553 | D:1      | Noticed an eye of devastation
   556 | D:1      | Found a faded altar of an unknown god.
   573 | D:1      | Noticed a great orb of eyes
   625 | D:1      | Noticed a shining eye
   629 | D:1      | Noticed an eye of devastation
  1097 | D:2      | Reached XP level 4. HP: 29/31 MP: 0/0
  1211 | D:2      | Reached skill level 1 in Fighting
  1292 | D:2      | Reached skill level 4 in Spellcasting
  1292 | D:2      | Reached skill level 4 in Conjurations
  1292 | D:2      | Reached skill level 4 in Hexes
  1292 | D:2      | Reached skill level 4 in Summonings
  1292 | D:2      | Reached skill level 4 in Necromancy
  1292 | D:2      | Reached skill level 4 in Translocations
  1292 | D:2      | Reached skill level 4 in Transmutations
  1292 | D:2      | Reached skill level 4 in Fire Magic
  1292 | D:2      | Reached skill level 4 in Ice Magic
  1292 | D:2      | Reached skill level 4 in Air Magic
  1292 | D:2      | Reached skill level 4 in Earth Magic
  1292 | D:2      | Reached skill level 4 in Poison Magic
  1656 | D:3      | Reduced skill Shapeshifting to level 1
  1656 | D:3      | Upgraded the game from 0.31-a0-229-g1fc7ce93e2 to
                  | 0.31-a0-920-g28cbb04a8c
  1681 | D:3      | Noticed Leavold's ghost (weakling FeSh)
  1682 | D:3      | Found a transporter.
  1692 | D:3      | Found a transporter.
  1692 | D:3      | Identified the +0 great mace "Doemetet" {venom, Dex+5 SInv}
  1692 | D:3      | Noticed an ogre
  1704 | D:3      | Reached XP level 5. HP: 20/37 MP: 0/0
  1704 | D:3      | Learned a level 2 spell: Passwall
  2588 | D:4      | Reached skill level 2 in Fighting
  2590 | D:4      | Reached XP level 6. HP: 37/43 MP: 0/0
  2629 | D:4      | Reached skill level 2 in Shapeshifting
  3385 | D:5      | Entered Level 5 of the Dungeon
  3386 | D:5      | Upgraded the game from 0.31-a0-920-g28cbb04a8c to
                  | 0.31-a0-986-g5e6e4ef867
  3394 | D:5      | Reached XP level 7. HP: 26/49 MP: 0/0
  3394 | D:5      | Learned a level 2 spell: Lesser Beckoning
  3544 | D:5      | Found a staircase to the Ecumenical Temple.
  3553 | Temple   | Entered the Ecumenical Temple
  3554 | Temple   | Quit the game

Vanquished Creatures
  A howler monkey (D:4)
  2 hounds (D:5)
  2 orc priests
  2 iguanas (D:4)
  An orc wizard (D:4)
  A gnoll (D:1)
  5 adders
  A white imp (D:5)
  A worm (D:2)
  3 dart slugs
  13 orcs
  7 ball pythons
  5 endoplasms
  10 goblins
  7 hobgoblins
  2 jackals (D:3)
  6 kobolds
  3 quokkas
  6 bats
  7 frilled lizards
  5 rats
90 creatures vanquished.

Vanquished Creatures (others)
  270 foxfires
270 creatures vanquished.

Grand Total: 360 creatures vanquished

Table legend: (Time is in decaauts)
 A = Elapsed time spent in this place.
 B = Non-inter-level travel time spent in this place.
 C = Inter-level travel time spent in this place.
 D = Time resting spent in this place.
 E = Time spent auto-exploring this place.
 F = Levels seen in this place.
 G = Mean time per level.
                   A        B        C        D        E       F      G
               +--------+--------+--------+--------+--------+-----+--------+
         Total |   3552 |   3410 |    142 |     81 |   2819 |   6 |  592.0 |
       Dungeon |   3551 |   3409 |    142 |     81 |   2819 |   5 |  710.2 |
        Temple |      0 |      0 |      0 |      0 |      0 |   1 |    0.0 |
               +--------+--------+--------+--------+--------+-----+--------+

Top non-repeatable levels by time:
     D:4: 984 daAuts
     D:3: 924 daAuts
     D:1: 890 daAuts
     D:2: 668 daAuts
     D:5: 85 daAuts
  Temple: 0 daAuts

Table legend:
 A = Non-vault XP
 B = Vault XP
 C = Vault XP percentage of total XP
 D = Non-vault monster count
 E = Vault monster count
 F = Vault count percentage of total count
                 A         B        C        D         E       F
            +---------+---------+-------+---------+---------+-------
      Total |     568 |       3 |   0.5 |      88 |       2 |   2.2
            +---------+---------+-------+---------+---------+-------
        D:1 |      38 |       0 |   0.0 |      18 |       0 |   0.0
        D:2 |      65 |       3 |   4.4 |      16 |       2 |  11.1
        D:3 |      93 |       0 |   0.0 |      26 |       0 |   0.0
        D:4 |     274 |       0 |   0.0 |      25 |       0 |   0.0
        D:5 |      98 |       0 |   0.0 |       3 |       0 |   0.0
            +---------+---------+-------+---------+---------+-------
